 Dungeon Crawl Stone Soup version 0.27.1-34-g3ba077fa99 (webtiles) character file.

Game seed: 2835564664183969532

74 Delamore the Sneak (level 4, -1/29 HPs)
             Began as an Octopode Brigand on Feb 6, 2022.
             Slain by Robin (2 damage)
             ... on level 2 of the Dungeon.
             The game lasted 00:01:40 (1988 turns).

Delamore the Sneak (Octopode Brigand)               Turns: 1988, Time: 00:01:40

Health: -1/29      AC:  1    Str: 10    XL:     4   Next: 30%
Magic:  4/4        EV: 12    Int: 13    God:
Gold:   53         SH:  0    Dex: 14    Spells: 3/3 levels left

rFire    . . .     SeeInvis .   a - +2 dagger
rCold    . . .     Faith    .   (no shield)
rNeg     . . .     Spirit   .   (helmet restricted)
rPois    .         Reflect  .   (no amulet)
rElec    .         Harm     .   (no ring)
rCorr    .         Rampage  .   (no ring)
Will     .....                  (no ring)
Stlth    ++++......             (no ring)
HPRegen  0.09/turn              (no ring)
MPRegen  0.09/turn              (no ring)
                                (no ring)
                                (no ring)

@: no status effects
A: almost no armour, amphibious, 8 rings, camouflage 1, gelatinous body 1,
(nimble swimmer 1), tentacles
a: no special abilities


You were on level 2 of the Dungeon.
You visited 1 branch of the dungeon, and saw 3 of its levels.

You collected 53 gold pieces.

Inventory:

Hand Weapons
 a - a +2 dagger (weapon)
Missiles
 b - 7 poisoned darts (quivered)
 c - 2 curare-tipped darts
 k - 4 boomerangs
Scrolls
 h - a scroll of amnesia {unknown}
 j - a scroll of enchant armour {unknown}
Potions
 f - a potion of ambrosia {unknown}
 i - a potion of brilliance {unknown}


   Skills:
 - Level 2.0 Fighting
 + Level 3.0 Short Blades
 - Level 2.0 Throwing
 - Level 1.0 Dodging
 * Level 7.1 Stealth


You had 3 spell levels left.
You didn't know any spells.
Your spell library contained the following spells:

 Spells                   Type           Power      Damage    Failure   Level
 Blink                    Tloc           N/A        N/A       43%         2
 Corpse Rot               Necr/Air       N/A        N/A       43%         2
 Poisonous Vapours        Pois/Air       0%         N/A       43%         2
 Lesser Beckoning         Tloc           0%         N/A       67%         3
 Freezing Cloud           Conj/Ice/Air   0%         6-21      100%        5
 Manifold Assault         Tloc           0%         N/A       100%        5


Dungeon Overview and Level Annotations

Branches:
Dungeon (3/15)

Altars:

Annotations:
D:2 Robin


Innate Abilities, Weirdness & Mutations

You cannot wear most types of armour.
You are amphibious.
You can wear up to eight rings at the same time.
Your skin changes colour to match your surroundings (Stealth+).
Your rubbery body absorbs attacks. (AC +1, EV +1)
((You are camouflaged near water. (Stealth+)))
You have tentacles for arms and can constrict up to eight enemies at once.


Message History

You hit the hobgoblin.
You kill the hobgoblin!
The goblin hits you but does no damage.
Robin says, "A pitiful Octopus like you will never find the ORB!"
A goblin comes into view. It is wielding a +0 club.
The goblin hits you with a +0 dagger.
Robin roars a battlecry!
The goblins go into a battle-frenzy!
The goblin misses you. The goblin hits you with a +0 dagger.
Robin roars a battlecry!
The goblin goes into a battle-frenzy!
You closely miss the goblin. Your grab misses the goblin.
The goblin hits you with a +0 dagger.
You barely miss the goblin. Your grab misses the goblin.
The goblin hits you with a +0 dagger.
You hit the goblin.
You kill the goblin!
Your Short Blades skill increases to level 3!
Okay, then.
As you read the scroll labelled REG RICANN, it crumbles to dust.
You hear a loud clanging noise!
It was a scroll of noise.
The goblin shouts! x2
The goblin hits you with a +0 dagger. The goblin barely misses you.
As you read the scroll labelled WEEHIDA DAUSAULO, it crumbles to dust.
You feel aware of your surroundings.
You sensed 1 altar.
It was a scroll of magic mapping.
The goblin no longer looks unusually strong. x2
The hobgoblin barely misses you. The goblin hits you with a +0 dagger.
* * * LOW HITPOINT WARNING * * *
The goblin barely misses you.
As you read the scroll labelled YWKIWUFIEP, it crumbles to dust.
The creatures around you are filled with an inner flame!
It was a scroll of immolation.
The goblin no longer looks unusually strong.
The hobgoblin hits you.
* * * LOW HITPOINT WARNING * * *
Robin hits you from afar with a +0 trident.
You die...

#*,,,,+,,......#****#..#,*,*,,,*,
#*,,,,**##.........*#..#,*,,,***,
#*,,,,* #..?......##..#,*,,,,,*,
#*,,,,* #..........#..#,*,,**,*,
#****** #....g.(...#..#,*,,**,*,
#*,,,* *,,,,*#'##.#..#,,,,,,,**
#*,,,* *,,,,,#gg..#..#,********
#*,,,* *****,#gggg#.†#,,,,,,*,,
#*,,,* *,#@#....g#,**,,,,,*
#*,,,* *,#g####)##,,+,,,,,*
**,,,*********,#.g..g.#****,,,,,*
,+,,,+,,,,,,,,,########,,,,,,,,,*
**,,,*****,,,,,,,,,,,,*,,,,,,,,,*
,,,,*,,,,*,***,,,,,,,,*,,,,,,,,**
*****,**,*,,,,,********,********
*** *,**,*,***,* *,,,,,,,,*
,,***,,,,*,* *,* ****,,,*,*


You could see Robin (inner flame), a hobgoblin (inner flame, strong) and 6
goblins.

Vanquished Creatures
  A gnoll (D:1)
  2 adders (D:2)
  2 dart slugs (D:1)
  5 bats
  5 endoplasms (D:1)
  6 goblins
  4 hobgoblins
  4 quokkas (D:1)
  6 ball pythons (D:1)
  A kobold (D:1)
  3 rats (D:1)
39 creatures vanquished.

Notes
Turn   | Place    | Note
-------+----------+-------------------------------------------
     0 | D:1      | Delamore the Octopode Brigand began the quest for the Orb.
     0 | D:1      | Reached XP level 1. HP: 14/14 MP: 1/1
   339 | D:1      | Reached XP level 2. HP: 18/19 MP: 2/2
   424 | D:1      | Reached skill level 6 in Stealth
   785 | D:1      | Reached XP level 3. HP: 24/24 MP: 3/3
  1673 | D:2      | Reached XP level 4. HP: 18/29 MP: 4/4
  1818 | D:2      | You fall into a shaft and drop 1 floor!
  1859 | D:3      | Reached skill level 7 in Stealth
  1900 | D:2      | Noticed Robin
  1988 | D:2      | HP: 1/29 [hobgoblin[Robin] (6)]
  1988 | D:2      | Slain by Robin

Illustrated notes

Levels and vault maps discovered:
D:1:      minmay_arrival_nine_rooms, layout_loops_corners, minmay_bisected
D:2:      layout_basic, ebering_ecumenical_altar_ruins, uniq_robin
D:3:      layout_rooms, nicolae_dithmenos_through_a_glass_darkly,
          gammafunk_temple_overflow_wave, minmay_pentomino_pile, uniq_natasha

Skill      XL: |  1  2  3  4 |
---------------+-------------+-----
Stealth        | 6 7 |  7.1
Short Blades   | 3 |  3.0
Fighting       | |  2.0
Throwing       | |  2.0
Dodging        | |  1.0

Action                   |  1- 3 |  4- 6 || total
-------------------------+-------+-------++-------
Melee: Dagger            |    56 |    15 ||    71
       Constrict         |    11 |     4 ||    15
       Tentacles         |     6 |     3 ||     9
Throw: Dart              |     3 |       ||     3
  Use: Scroll            |       |     3 ||     3
 Stab: Sleeping          |    17 |       ||    17
Armor: Skin              |     4 |     9 ||    13
Dodge: Dodged            |    16 |     9 ||    25
